 Dungeon Crawl Stone Soup version 0.27-a0-836-gfc908b8576 (webtiles) character file.

Game seed: 14744823363439786901

7 robertstho the Firebug (level 1, 0/16 HPs)
             Began as a Troll Fire Elementalist on Mar 31, 2021.
             Slain by a gnoll
             ... wielding a +3 flail
              (7 damage)
             ... on level 2 of the Dungeon.
             The game lasted 00:00:17 (252 turns).

robertstho the Firebug (Troll Fire Elementalist)     Turns: 252, Time: 00:00:17

Health: 0/16       AC:  4    Str: 15    XL:     1   Next: 83%
Magic:  1/1        EV:  9    Int: 11    God:
Gold:   0          SH:  0    Dex: 10    Spells: 1/2 levels left

rFire    . . .     SeeInvis .   (no weapon)
rCold    . . .     Faith    .   (no shield)
rNeg     . . .     Spirit   .   a - +0 robe
rPois    .         Reflect  .   (helmet restricted)
rElec    .         Harm     .   (no cloak)
rCorr    .         Rampage  .   (gloves unavailable)
Will     .....                  (boots unavailable)
Stlth    +.........             (no amulet)
HPRegen  1.05/turn              (no ring)
MPRegen  0.07/turn              (no ring)

@: no status effects
A: large, unfitting armour, claws 3, regeneration 1, shaggy fur 1, tough skin 1
a: no special abilities


You were on level 2 of the Dungeon.
You visited 1 branch of the dungeon, and saw 2 of its levels.

Inventory:

Armour
 a - a +0 robe (worn)
Potions
 b - 2 potions of flight {unknown}
 c - a potion of lignification {unknown}


   Skills:
 + Level 1.7 Dodging
 + Level 1.1 Stealth
 + Level 1.2 Spellcasting
 + Level 0.6 Conjurations
 + Level 2.3 Fire Magic


You had one spell level left.
You knew the following spells:

 Your Spells              Type           Power      Damage    Failure   Level
a - Foxfire               Conj/Fire      12%        2x1d4     17%         1

Your spell library contained the following spells:

 Spells                   Type           Power      Damage    Failure   Level
 Conjure Flame            Conj/Fire      3%         6-21      45%         3
 Inner Flame              Hex/Fire       3%         N/A       52%         3
 Sticky Flame             Conj/Fire      3%         2d3       86%         4
 Fireball                 Conj/Fire      1%         3d3       99%         5


Dungeon Overview and Level Annotations

Branches:
Dungeon (2/15)

Altars:


Innate Abilities, Weirdness & Mutations

You are too large for most types of armour.
You have claws for hands.
Your natural rate of healing is unusually fast.
You are covered in fur. (AC +1)
You have tough skin. (AC +1)


Message History

Found a scale mail.
Found a stone staircase leading down.
You open the door. You open the door.
There is an open door here.
A gnoll comes into view. It is wielding a +0 flail.
A gnoll is nearby!
A gnoll comes into view. It is wielding a +3 flail.
The gnoll shouts!
You scratch the gnoll but do no damage. The gnoll barely misses you.
You scratch the gnoll.
The gnoll is heavily wounded.
The gnoll hits you with a +3 flail!
Ouch! That really hurt!
A gnoll comes into view. It is wielding a +0 spear.
The gnoll moves out of view.
You are too injured to fight recklessly!
You are too injured to fight recklessly!
You are too injured to fight recklessly!
You are too injured to fight recklessly!
You are too injured to fight recklessly!
You are too injured to fight recklessly!
You are too injured to fight recklessly!
You are too injured to fight recklessly!
You are too injured to fight recklessly!
You are too injured to fight recklessly!
You are too injured to fight recklessly!
You are too injured to fight recklessly!
You are too injured to fight recklessly!
You are too injured to fight recklessly!
You are too injured to fight recklessly!
You are too injured to fight recklessly!
You are too injured to fight recklessly!
You are too injured to fight recklessly!
You are too injured to fight recklessly!
You are too injured to fight recklessly!
You scratch the gnoll but do no damage.
The gnoll is heavily wounded.
The gnoll hits you with a +3 flail!
You die... # ##.################## #.gg@................ #..################## #. # .. .

You could see 2 gnolls.

Vanquished Creatures
  A ball python (D:2)
  An endoplasm (D:1)
  A giant cockroach (D:1)
  A bat (D:1)
  A frilled lizard (D:1)
  2 rats (D:1)
7 creatures vanquished.

Notes
Turn   | Place    | Note
-------+----------+-------------------------------------------
     0 | D:1      | robertstho the Troll Fire Elementalist began the quest for
                  | the Orb.
     0 | D:1      | Reached XP level 1. HP: 16/16 MP: 1/1
   252 | D:2      | Slain by a gnoll

Illustrated notes

Levels and vault maps discovered:
D:1:      zaba_arrival_water, layout_basic
D:2:      layout_basic, minmay_overflow_temple_star_hex, serial_park_tiny_1,
          nemelex_dance_club_becter

Action                   || total
-------------------------++-------
Melee: Unarmed           ||    23
 Stab: Sleeping          ||     2
Armor: Robe              ||     9
Dodge: Dodged            ||    14

Table legend: (Time is in decaauts)
 A = Elapsed time spent in this place.
 B = Non-inter-level travel time spent in this place.
 C = Inter-level travel time spent in this place.
 D = Time resting spent in this place.
 E = Time spent auto-exploring this place.
 F = Levels seen in this place.
 G = Mean time per level.
                   A        B        C        D        E       F      G
               +--------+--------+--------+--------+--------+-----+--------+
         Total |    258 |    238 |     20 |      0 |    176 |   2 |  129.0 |
       Dungeon |    258 |    238 |     20 |      0 |    176 |   2 |  129.0 |
               +--------+--------+--------+--------+--------+-----+--------+

Top non-repeatable levels by time:
     D:1: 142 daAuts
     D:2: 115 daAuts
